3A
HIGHWOOD HAWKS @ MANCELONA TORCH
08/24/2032
 
TOP OF THE 1ST
Highwood Hawks batting - Pitching for Mancelona Torch : LHP Otton Brouwer
Pitching: LHP Otton Brouwer
Batting: RHB Alejandro Bracamonte 0-0: Called Strike
0-1: SINGLE (Line Drive, 56)
Batting: RHB Jon Deal 0-0: Called Strike
0-1: Ball
1-1: Ball
2-1: Swinging Strike
2-2: Ground out 4-3 (Groundball, 34)
Alejandro Bracamonte to second
Batting: RHB Kameron Guangorena 0-0: Ball
1-0: Ball
2-0: Called Strike
2-1: Ball
Wild Pitch!
Alejandro Bracamonte to third
3-1: Called Strike
3-2: Fly out, F8 (Line Drive, 89M)
Runner from 3rd tags up, SCORES, no throw
Batting: RHB Paul Byrd 0-0: Ball
1-0: Foul Ball, location: 2F
1-1: Ball
2-1: Called Strike
2-2: Foul Ball, location: 2F
2-2: Foul Ball, location: 2F
2-2: DOUBLE (Line Drive, 7LS)
Batting: LHB Palaie Gaoteote 0-0: Ball
1-0: Called Strike
1-1: Ground out 4-3 (Groundball, 4)
Top of the 1st over - 1 run, 2 hits, 0 errors, 1 left on base; Highwood 1 - Mancelona 0
BOTTOM OF THE 1ST
Mancelona Torch batting - Pitching for Highwood Hawks : RHP Pi-ao Tsao
Pitching: RHP Pi-ao Tsao
Batting: SHB 聲gel P廨ez 0-0: Foul Ball, location: 2F
0-1: Called Strike
0-2: Foul Ball, location: 2F
0-2: Ball
1-2: Ball
2-2: SINGLE (Groundball, 6D)
Batting: RHB Dave Norton 0-0: Called Strike
0-1: SINGLE (Line Drive, 4MD)
聲gel P廨ez to second
Batting: LHB Badry Maksimenov 0-0: Swinging Strike
0-1: Ball
1-1: Ball
2-1: Foul Ball, location: 2F
2-2: Foul Ball, location: 2F
2-2: Fly out, F8 (Flyball, 8LXD)
Runner from 2nd tags up, SAFE at 3rd, no throw
Batting: LHB Xuan-ling Chen 0-0: Ball
1-0: DOUBLE (Line Drive, 8LD)
聲gel P廨ez scores
Dave Norton to third
Batting: SHB Henrique de Senna Fernandes 0-0: Fly out, F9 (Flyball, 9)
Runner from 3rd tags up, SCORES, throw made
Batting: RHB Jur Prokop 0-0: Fly out, F7 (Flyball, 7D)
Bottom of the 1st over - 2 runs, 3 hits, 0 errors, 1 left on base; Highwood 1 - Mancelona 2
TOP OF THE 2ND
Highwood Hawks batting - Pitching for Mancelona Torch : LHP Otton Brouwer
Batting: RHB Jimmy Scott 0-0: Called Strike
0-1: Foul Ball, location: 2F
0-2: Strikes out swinging
Batting: LHB Yi-da Yee 0-0: Fly out, F2 (Popup, 5SF)
Batting: RHB Fernando Franco 0-0: Foul Ball, location: 2F
0-1: Ball
1-1: Swinging Strike
1-2: Foul Ball, location: 2F
1-2: Foul Ball, location: 2F
1-2: Ball
2-2: Strikes out swinging
Top of the 2nd over - 0 runs, 0 hits, 0 errors, 0 left on base; Highwood 1 - Mancelona 2
BOTTOM OF THE 2ND
Mancelona Torch batting - Pitching for Highwood Hawks : RHP Pi-ao Tsao
Batting: RHB Bryan Uchacz 0-0: Called Strike
0-1: Swinging Strike
0-2: Ball
1-2: Strikes out swinging
Batting: LHB Marcus Shill 0-0: Foul Ball, location: 2F
0-1: Foul Ball, location: 2F
0-2: Ball
1-2: Fly out, F7 (Flyball, 78M)
Batting: RHB Vilhelm Loyen 0-0: Ball
1-0: Ball
2-0: Ball
3-0: Called Strike
3-1: Fly out, F7 (Flyball, 7)
Bottom of the 2nd over - 0 runs, 0 hits, 0 errors, 0 left on base; Highwood 1 - Mancelona 2
TOP OF THE 3RD
Highwood Hawks batting - Pitching for Mancelona Torch : LHP Otton Brouwer
Batting: RHB Paco Ibarra 0-0: Called Strike
0-1: Ball
1-1: Foul Ball, location: 2F
1-2: Ball
2-2: DOUBLE (Line Drive, 8RD)
Batting: RHB Alejandro Bracamonte 0-0: Swinging Strike
0-1: Foul Ball, location: 2F
0-2: Ball
1-2: Strikes out swinging
Batting: RHB Jon Deal 0-0: Ball
1-0: Fly out, F8 (Line Drive, 89D)
Runner from 2nd tags up, SAFE at 3rd, no throw
Batting: RHB Kameron Guangorena 0-0: Ball
1-0: Ball
2-0: Fly out, F4 (Line Drive, 4M)
Top of the 3rd over - 0 runs, 1 hit, 0 errors, 1 left on base; Highwood 1 - Mancelona 2
BOTTOM OF THE 3RD
Mancelona Torch batting - Pitching for Highwood Hawks : RHP Pi-ao Tsao
Batting: SHB 聲gel P廨ez 0-0: Ground out 4-3 (Groundball, 4)
Batting: RHB Dave Norton 0-0: Ground out U3 (Groundball, 3)
Batting: LHB Badry Maksimenov 0-0: Swinging Strike
0-1: Foul Ball, location: 2F
0-2: Foul Ball, location: 2F
0-2: Foul Ball, location: 2F
0-2: Ball
1-2: Ball
2-2: Ball
3-2: SOLO HOME RUN (Flyball, 9LD), Distance : 359 ft
Batting: LHB Xuan-ling Chen 0-0: Swinging Strike
0-1: Ball
1-1: Foul Ball, location: 2F
1-2: Ball
2-2: Foul Ball, location: 2F
2-2: Strikes out swinging, 2-3 out at first.
Bottom of the 3rd over - 1 run, 1 hit, 0 errors, 0 left on base; Highwood 1 - Mancelona 3
TOP OF THE 4TH
Highwood Hawks batting - Pitching for Mancelona Torch : LHP Otton Brouwer
Batting: RHB Paul Byrd 0-0: Ball
1-0: Called Strike
1-1: Swinging Strike
1-2: Foul Ball, location: 2F
1-2: Ball
2-2: Ground out 6-3 (Groundball, 6)
Batting: LHB Palaie Gaoteote 0-0: Swinging Strike
0-1: Foul Ball, location: 2F
0-2: Ball
1-2: Foul Ball, location: 2F
1-2: Strikes out looking
Batting: RHB Jimmy Scott 0-0: Ball
1-0: Fly out, F6 (Line Drive, 6M)
Top of the 4th over - 0 runs, 0 hits, 0 errors, 0 left on base; Highwood 1 - Mancelona 3
BOTTOM OF THE 4TH
Mancelona Torch batting - Pitching for Highwood Hawks : RHP Pi-ao Tsao
Batting: SHB Henrique de Senna Fernandes 0-0: Swinging Strike
0-1: Ball
1-1: Ball
2-1: DOUBLE (Line Drive, 7LM)
Batting: RHB Jur Prokop 0-0: Hit by Pitch
Batting: RHB Bryan Uchacz 0-0: Called Strike
0-1: Called Strike
0-2: Grounds into double play, 5-4-3 (Groundball, 56)
Henrique de Senna Fernandes to third
Batting: LHB Marcus Shill 0-0: Called Strike
0-1: SINGLE (Line Drive, 89S)
Henrique de Senna Fernandes scores
Batting: RHB Vilhelm Loyen 0-0: Foul Ball, location: 2F
0-1: Fly out, F9 (Flyball, 9)
Bottom of the 4th over - 1 run, 2 hits, 0 errors, 1 left on base; Highwood 1 - Mancelona 4
TOP OF THE 5TH
Highwood Hawks batting - Pitching for Mancelona Torch : LHP Otton Brouwer
Batting: LHB Yi-da Yee 0-0: Called Strike
0-1: Ball
1-1: Foul Ball, location: 2F
1-2: Ball
2-2: Foul Ball, location: 2F
2-2: Fly out, F8 (Flyball, 8RD)
Batting: RHB Fernando Franco 0-0: Fly out, F8 (Flyball, 78D)
Batting: RHB Paco Ibarra 0-0: Ground out 4-3 (Groundball, 34)
Top of the 5th over - 0 runs, 0 hits, 0 errors, 0 left on base; Highwood 1 - Mancelona 4
BOTTOM OF THE 5TH
Mancelona Torch batting - Pitching for Highwood Hawks : RHP Pi-ao Tsao
Batting: SHB 聲gel P廨ez 0-0: Ball
1-0: Ball
2-0: Ground out 4-3 (Groundball, 4)
Batting: RHB Dave Norton 0-0: Called Strike
0-1: Called Strike
0-2: Ball
1-2: Ground out U3 (Groundball, 3)
Batting: LHB Badry Maksimenov 0-0: Foul Ball, location: 2F
0-1: Ground out 4-3 (Groundball, 4)
Bottom of the 5th over - 0 runs, 0 hits, 0 errors, 0 left on base; Highwood 1 - Mancelona 4
TOP OF THE 6TH
Highwood Hawks batting - Pitching for Mancelona Torch : LHP Otton Brouwer
Batting: RHB Alejandro Bracamonte 0-0: Swinging Strike
0-1: Ball
1-1: Ground out 1-3 (Groundball, 13S)
Batting: RHB Jon Deal 0-0: Ball
1-0: Single, Error in OF, E7, batter to second base
Batting: RHB Kameron Guangorena 0-0: Ball
1-0: Foul Ball, location: 2F
1-1: Ball
2-1: Fly out, F8 (Flyball, 78M)
Batting: RHB Paul Byrd 0-0: Ball
1-0: Ball
2-0: Ball
3-0: Called Strike
3-1: Base on Balls
Batting: LHB Palaie Gaoteote 0-0: Called Strike
0-1: Called Strike
0-2: Foul Ball, location: 2F
0-2: Ball
1-2: Strikes out looking
Top of the 6th over - 0 runs, 1 hit, 1 error, 2 left on base; Highwood 1 - Mancelona 4
BOTTOM OF THE 6TH
Mancelona Torch batting - Pitching for Highwood Hawks : RHP Pi-ao Tsao
Batting: LHB Xuan-ling Chen 0-0: Ball
1-0: Ball
2-0: Ball
3-0: Base on Balls
Batting: SHB Henrique de Senna Fernandes 0-0: Foul Ball, location: 2F
0-1: Called Strike
0-2: Strikes out swinging
Batting: RHB Jur Prokop 0-0: Called Strike
0-1: Ball
1-1: Swinging Strike
1-2: Ball
2-2: Strikes out swinging
Batting: RHB Bryan Uchacz 0-0: Swinging Strike
0-1: Ball
1-1: Ball
2-1: Foul Ball, location: 2F
2-2: Ball
3-2: Fly out, F8 (Flyball, 8RD)
Bottom of the 6th over - 0 runs, 0 hits, 0 errors, 1 left on base; Highwood 1 - Mancelona 4
TOP OF THE 7TH
Highwood Hawks batting - Pitching for Mancelona Torch : LHP Otton Brouwer
Batting: RHB Jimmy Scott 0-0: Foul Ball, location: 2F
0-1: Swinging Strike
0-2: Ball
1-2: Strikes out swinging
Batting: LHB Yi-da Yee 0-0: Ball
1-0: Ball
2-0: Ball
3-0: Called Strike
3-1: Fly out, F7 (Line Drive, 7)
Batting: RHB Fernando Franco 0-0: Ground out 3-1 (Groundball, 34)
Top of the 7th over - 0 runs, 0 hits, 0 errors, 0 left on base; Highwood 1 - Mancelona 4
BOTTOM OF THE 7TH
Mancelona Torch batting - Pitching for Highwood Hawks : RHP Pi-ao Tsao
Batting: LHB Marcus Shill 0-0: Ball
1-0: Ball
2-0: Swinging Strike
2-1: Ball
3-1: Foul Ball, location: 2F
3-2: Base on Balls
Batting: RHB Vilhelm Loyen 0-0: Ball
1-0: Bunted foul
1-1: Bunted foul
1-2: Ball
2-2: Ground out 5-3 (Groundball, 56S)
Marcus Shill to second
Batting: SHB 聲gel P廨ez 0-0: Ball
1-0: SINGLE (Groundball, 6MD)
Marcus Shill to third
Runner from 3rd tries for Home, SAFE, no throw
Batting: RHB Dave Norton 0-0: Foul Ball, location: 2F
0-1: Ball
聲gel P廨ez steals 2nd base
1-1: Called Strike
1-2: Foul Ball, location: 2F
1-2: Foul Ball, location: 2F
1-2: Ground out 6-3 (Groundball, 6)
聲gel P廨ez to third
Pitching: RHP Scott Martin
Batting: LHB Badry Maksimenov 0-0: Swinging Strike
0-1: Ball
1-1: Ball
2-1: Called Strike
2-2: Ball
3-2: Ground out 6-3 (Groundball, 6S)
Bottom of the 7th over - 1 run, 1 hit, 0 errors, 1 left on base; Highwood 1 - Mancelona 5
TOP OF THE 8TH
Highwood Hawks batting - Pitching for Mancelona Torch : LHP Otton Brouwer
Pitching: LHP Liangde Chien
Batting: RHB Paco Ibarra 0-0: Foul Ball, location: 2F
0-1: Foul Ball, location: 2F
0-2: Ball
1-2: Foul Ball, location: 2F
1-2: Ball
2-2: Ball
3-2: Strikes out swinging
Batting: RHB Alejandro Bracamonte 0-0: Called Strike
0-1: Called Strike
0-2: Foul Ball, location: 2F
0-2: Strikes out looking
Batting: RHB Jon Deal 0-0: Ball
1-0: Foul Ball, location: 2F
1-1: SINGLE (Flyball, 5D)
Batting: RHB Kameron Guangorena 0-0: SINGLE (Line Drive, 4MD)
Jon Deal to second
Batting: RHB Paul Byrd 0-0: Swinging Strike
0-1: Foul Ball, location: 2F
0-2: Ball
1-2: Strikes out swinging
Top of the 8th over - 0 runs, 2 hits, 0 errors, 2 left on base; Highwood 1 - Mancelona 5
BOTTOM OF THE 8TH
Mancelona Torch batting - Pitching for Highwood Hawks : RHP Scott Martin
Batting: LHB Xuan-ling Chen 0-0: Ball
1-0: Ball
2-0: Ball
3-0: Base on Balls
Batting: SHB Henrique de Senna Fernandes 0-0: Fielders Choice at 2nd, 4-6 (Groundball, 4)
Batting: RHB Jur Prokop 0-0: Called Strike
0-1: Ball
1-1: Fly out, F6 (Popup, 6MD)
Batting: RHB Bryan Uchacz 0-0: Ball
Henrique de Senna Fernandes steals 2nd base
1-0: Called Strike
1-1: DOUBLE (Line Drive, 78XD)
Henrique de Senna Fernandes scores
Batting: LHB Marcus Shill 0-0: Ball
1-0: Ball
2-0: Ball
3-0: Base on Balls
Batting: RHB Vilhelm Loyen 0-0: Ball
1-0: Ball
Wild Pitch!
Bryan Uchacz to third
Marcus Shill to second
2-0: Swinging Strike
2-1: Swinging Strike
2-2: Ball
3-2: Fly out, F8 (Flyball, 78M)
Bottom of the 8th over - 1 run, 1 hit, 0 errors, 2 left on base; Highwood 1 - Mancelona 6
TOP OF THE 9TH
Highwood Hawks batting - Pitching for Mancelona Torch : LHP Liangde Chien
Batting: LHB Palaie Gaoteote 0-0: Ball
1-0: Swinging Strike
1-1: Foul Ball, location: 2F
1-2: Ball
2-2: Strikes out swinging
Batting: RHB Jimmy Scott 0-0: Ball
1-0: SINGLE (Flyball, 8LM)
Batting: LHB Yi-da Yee 0-0: Ball
1-0: Ball
2-0: Called Strike
2-1: Ball
3-1: Base on Balls
Jimmy Scott to second
Batting: RHB Fernando Franco 0-0: Ball
1-0: Fly out, F3 (Line Drive, 3L)
Batting: RHB Paco Ibarra 0-0: Ball
1-0: Called Strike
1-1: Swinging Strike
1-2: Foul Ball, location: 2F
1-2: Foul Ball, location: 2F
1-2: Strikes out swinging
Top of the 9th over - 0 runs, 1 hit, 0 errors, 2 left on base; Highwood 1 - Mancelona 6
Wednesday, September 19th, 2018 - OOTP Baseball 18.8 Build 76